 Dungeon Crawl Stone Soup version 0.16.1-2-g95b8d4c (webtiles) character file.

21177 Ladykiller69 the Carver (level 12, 0/107 HPs)
             Began as a Minotaur Fighter on Mar 24, 2015.
             Was the Champion of Cheibriados.
             Slain by a 18-headed hydra (5 damage)
             ... on level 1 of the Lair of Beasts.
             The game lasted 00:54:18 (9397 turns).

Ladykiller69 the Carver (Minotaur Fighter)          Turns: 9397, Time: 00:54:18

Health: 0/107      AC: 23    Str: 37      XL:     12   Next: 51%
Magic:  12/19      EV: 16    Int: 21 (26) God:    Cheibriados [******]
Gold:   715        SH: 15    Dex: 25      Spells: 0 memorised, 11 levels left

rFire  . . .     SeeInvis +     a - +0 long sword (curse)
rCold  + . .     Clarity  .     r - +1 plate armour (curse)
rNeg   . . .     SustAb   .     c - +0 shield
rPois  .         Gourm    .     G - +3 crown of Dyrovepreva {rElec Int+2 SInv}
rElec  +         Spirit   .     o - +0 cloak (curse)
rCorr  .         Warding  .     (no gloves)
rMut   .         Stasis   .     F - +2 pair of boots
MR     .....                    (no amulet)
Stlth  ..........               (no ring)
                                A - ring of protection from cold

@: very slow, not resistant to hostile enchantments, extremely unstealthy
A: retaliatory headbutt, horns 2
a: Bend Time, Temporal Distortion, Slouch, Step From Time, Renounce Religion


You were on level 1 of the Lair of Beasts.
You worshipped Cheibriados.
Cheibriados was exalted by your worship.
You were hungry.

You visited 4 branches of the dungeon, and saw 16 of its levels.
You also visited: Sewer and Ossuary.

You collected 715 gold pieces.

Inventory:

Hand weapons
 a - a cursed +0 long sword (weapon)
Armour
 c - a +0 shield (worn)
 o - a cursed +0 cloak (worn)
 r - a cursed +1 plate armour (worn)
 F - a +2 pair of boots (worn)
 G - the +3 crown of Dyrovepreva (worn) {rElec Int+2 SInv}
   (You found it on level 8 of the Dungeon)

   It affects your intelligence (+2).
   It insulates you from electricity.
   It enhances your eyesight.
Jewellery
 A - a ring of protection from cold (left hand)
 H - an uncursed amulet of faith {unknown}
 O - a +3 ring of intelligence {unknown}
 P - an uncursed ring of see invisible {unknown}
Magical devices
 y - a wand of disintegration (8)
 L - a wand of disintegration (13)
 R - a wand of disintegration (14)
 S - a wand of polymorph (8)
 T - a wand of cold (7)
Scrolls
 h - a scroll of fog
 l - 7 scrolls of identify
 q - 4 scrolls of recharging
 w - 5 scrolls of remove curse
 x - 3 scrolls of teleportation
 I - a scroll of enchant weapon {unknown}
 M - a scroll of holy word {unknown}
 N - a scroll of summoning {unknown}
 W - a scroll of noise
Potions
 b - a potion of resistance {unknown}
 e - 2 potions of might
 g - 7 potions of curing
 i - 4 potions of brilliance {unknown}
 j - 6 potions of heal wounds {unknown}
 m - 3 potions of haste {unknown}
 n - 5 potions of magic {unknown}
 p - a potion of poison {unknown}
 t - a potion of restore abilities {unknown}
 v - a potion of lignification {unknown}
 B - 2 potions of agility {unknown}
 C - a potion of cancellation {unknown}
 E - a potion of ambrosia {unknown}
 K - a potion of invisibility {unknown}
Books
 u - a book of Control

   Spells                             Type                      Level
   a - Control Teleport               Charms/Translocation         4
   b - Control Undead                 Necromancy                   4
   c - Enslavement                    Hexes                        4
   d - Metabolic Englaciation         Hexes/Ice                    5
   e - Mass Confusion                 Hexes                        6
 D - a book of Necromancy

   Spells                             Type                      Level
   a - Pain                           Necromancy                   1
   b - Animate Skeleton               Necromancy                   1
   c - Vampiric Draining              Necromancy                   3
   d - Regeneration                   Charms/Necromancy            3
   e - Animate Dead                   Necromancy                   4
   f - Control Undead                 Necromancy                   4
 Q - a book of Conjurations

   Spells                             Type                      Level
   a - Magic Dart                     Conjuration                  1
   b - Searing Ray                    Conjuration                  2
   c - Dazzling Spray                 Conjuration/Hexes            3
   d - Fulminant Prism                Conjuration/Hexes            4
   e - Iskenderun's Mystic Blast      Conjuration                  4
   f - Iskenderun's Battlesphere      Conjuration/Charms           5
 U - Kaokhlu's Tome of Quantum Talismans
   (You found it on level 12 of the Dungeon)

   Spells                             Type                      Level
   a - Shroud of Golubria             Charms/Translocation         2
   b - Flight                         Charms/Air                   3
   c - Regeneration                   Charms/Necromancy            3
   d - Warp Weapon                    Charms/Translocation         5
Comestibles
 d - 8 bread rations
 f - 13 royal jellies
 k - 3 meat rations
 s - 3 beef jerkies
 z - 4 slices of pizza
 J - 3 fruits


   Skills:
 + Level 10.3 Fighting
 * Level 13.4 Long Blades
 + Level 10.1 Armour
 + Level 8.8 Dodging
 + Level 10.4 Shields
 + Level 7.4 Invocations


You had 11 spell levels left.
You didn't know any spells.

Dungeon Overview and Level Annotations

Branches:
Dungeon (13/15)            Temple (1/1) D:4            Lair (1/8) D:11
    Orc (1/4) D:11
 Vaults: D:13-14

Altars:
Ashenzari
Cheibriados
Dithmenos
Elyvilon
Gozag
Kikubaaqudgha
Makhleb
Nemelex Xobeh
Okawaru
Qazlal
Ru
Sif Muna
Trog
Vehumet
Xom
Yredelemnul
Zin
The Shining One

Shops:
D:9 =

Annotations:
D:4 Prince Ribbit
D:12 exclusion: 2 upstairs


Innate Abilities, Weirdness & Mutations

You reflexively headbutt those who attack you in melee.
You have a pair of horns on your head.


Message History

The 18-headed hydra bites you but does no damage. x4
The 18-headed hydra barely misses you. The 18-headed hydra closely misses you.
The 18-headed hydra bites you but does no damage.
The 18-headed hydra bites you!
* * * LOW HITPOINT WARNING * * *
You hit the 18-headed hydra but do no damage.
You headbutt the 18-headed hydra.
The 18-headed hydra is almost dead.
The 18-headed hydra bites you but does no damage.
You block the 18-headed hydra's attack. x2
The 18-headed hydra closely misses you. The 18-headed hydra bites you.
* * * LOW HITPOINT WARNING * * *
You block the 18-headed hydra's attack. The 18-headed hydra closely misses you.
The 18-headed hydra misses you. The 18-headed hydra bites you!
* * * LOW HITPOINT WARNING * * *
The 18-headed hydra bites you but does no damage. x2
The 18-headed hydra bites you.
* * * LOW HITPOINT WARNING * * *
The 18-headed hydra bites you.
You die...

##........###.#
#.......####.#
#.......#≈≈≈.#
##.......#≈≈≈.#
#........####.#
##............#
##.#.####...##
.##P####D.####...#
......††@.##.#...##
.#.....††.........#
#...............##
................#
................#
.##..$...#.#P..#
##......####.#
............#
..........##.#


You could see a 18-headed hydra.

Vanquished Creatures
  2 unseen horrors
  5 skeletal warriors (D:13)
  A flayed ghost (D:8)
  4 hill giants
  A manticore (D:12)
  3 slime creatures (D:12)
  2 cyclopes
  An ugly thing (D:13)
  Maurice (D:8)
  A centaur skeleton (D:11)
  An efreet (D:13)
  A fire drake (D:11)
  A komodo dragon (D:13)
  5 trolls
  A two-headed ogre (D:13)
  A raven (shapeshifter) (D:12)
  A shadow (D:13)
  19 yaks
  3 wraiths (D:8)
  3 fire bats (D:8)
  A steam dragon (D:13)
  A deep elf mage (D:13)
  2 hungry ghosts
  Edmund (D:7)
  3 hippogriffs
  The ghost of wojtek the Cutter, an average KoAs (D:3)
  A water moccasin (D:9)
  4 black bears
  A sky beast (D:10)
  4 phantoms
  2 necrophages
  8 ogres
  4 centaurs
  6 orc warriors
  An eye of draining (D:13)
  A wasp (D:13)
  3 ice beasts
  3 big kobolds
  A brain worm (D:12)
  4 elf zombies (Ossuary)
  7 giant frogs
  A water moccasin zombie (D:7)
  A wyvern skeleton (D:8)
  5 scorpions
  9 killer bees
  5 wights
  A goliath beetle (D:5)
  4 centaur zombies
  7 crimson imps
  6 jellies
  A giant frog skeleton (D:4)
  3 giant frog zombies
  10 hounds
  4 iguanas
  7 orc priests
  6 orc wizards
  A human skeleton (D:8)
  Natasha (twice) (D:6)
  9 worker ants
  An iron imp (D:6)
  2 sheep (D:11)
  Jessica (D:2)
  Terence (D:2)
  2 mummies (Ossuary)
  A hound skeleton (D:6)
  4 adders
  10 river rats
  4 shadow imps
  3 giant mites
  A worm (D:2)
  An adder zombie (Ossuary)
  2 adder skeletons
  8 giant geckos
  6 oozes
  27 orcs
  21 bats
  A bat skeleton (D:7)
  4 giant cockroaches
  14 goblins
  13 hobgoblins
  35 kobolds
  3 ball pythons
  A giant gecko zombie (D:7)
  3 giant newts
  A giant spore (D:10)
  10 hobgoblin zombies (Ossuary)
  A jackal zombie (Ossuary)
  6 kobold zombies (Ossuary)
  3 orc skeletons (D:8)
  12 orc zombies
  3 quokkas
  A quokka zombie (D:6)
  15 rats
  2 rat zombies (Ossuary)
  8 ballistomycetes (D:10)
429 creatures vanquished.

Vanquished Creatures (others)
  A wizard (D:13)
  A giant spore (D:10)
2 creatures vanquished.

Grand Total: 431 creatures vanquished

Notes
Turn   | Place    | Note
--------------------------------------------------------------
     0 | D:1      | Ladykiller69, the Minotaur Fighter, began the quest for the Orb.
     0 | D:1      | Reached XP level 1. HP: 19/19 MP: 1/1
   120 | D:1      | Reached XP level 2. HP: 25/27 MP: 1/1
   399 | D:1      | Reached skill level 4 in Fighting
   468 | D:1      | Reached XP level 3. HP: 33/33 MP: 2/2
   533 | D:1      | Reached skill level 1 in Dodging
   767 | D:2      | Noticed Jessica
   777 | D:2      | Killed Jessica
   925 | D:2      | Reached XP level 4. HP: 37/40 MP: 2/2
  1100 | D:2      | Noticed Terence
  1109 | D:2      | Killed Terence
  1259 | D:3      | Noticed wojtek's ghost (average KoAs)
  1278 | D:3      | Killed wojtek's ghost
  1278 | D:3      | Reached XP level 5. HP: 33/47 MP: 2/2
  1332 | D:3      | Found a shattered altar of Ashenzari.
  1535 | D:3      | Found an iron altar of Okawaru.
  1643 | D:4      | Noticed an ogre
  1672 | D:4      | Killed an ogre
  1672 | D:4      | Reached skill level 5 in Fighting
  1672 | D:4      | Reached skill level 5 in Long Blades
  1672 | D:4      | Reached XP level 6. HP: 51/56 MP: 3/3
  1688 | D:4      | Found a staircase to the Ecumenical Temple.
  1700 | Temple   | Entered the Ecumenical Temple
  1731 | Temple   | Became a worshipper of Cheibriados the Contemplative
  1769 | D:4      | Noticed Prince Ribbit
  1807 | D:5      | Entered Level 5 of the Dungeon
  1844 | D:5      | Reached skill level 5 in Armour
  1863 | D:5      | Found a glowing drain.
  1877 | Sewer    | Entered a sewer
  1975 | Sewer    | Acquired Cheibriados' first power
  2076 | D:5      | Reached XP level 7. HP: 61/61 MP: 3/3
  2082 | D:4      | Reached skill level 5 in Shields
  2082 | D:4      | Reached skill level 1 in Invocations
  2105 | D:4      | Noticed a phantom
  2150 | D:4      | Killed a phantom
  2164 | D:6      | Found a sacrificial altar of Ru.
  2166 | D:6      | Found a bloodstained altar of Trog.
  2269 | D:4      | Reached skill level 6 in Long Blades
  2291 | D:4      | Found a white marble altar of Elyvilon.
  2321 | D:4      | Noticed an ogre
  2338 | D:4      | Killed an ogre
  2383 | D:4      | Found a glowing silver altar of Zin.
  2666 | D:6      | Reached XP level 8. HP: 27/69 MP: 5/5
  2680 | D:6      | Noticed Natasha
  2684 | D:6      | Killed Natasha
  2899 | D:6      | Reached skill level 7 in Long Blades
  3281 | D:6      | Noticed Natasha
  3286 | D:6      | Killed Natasha
  3288 | D:6      | Acquired Cheibriados' second power
  3347 | D:7      | Found an opulent altar of Gozag.
  3512 | D:7      | Noticed Edmund
  3523 | D:7      | Killed Edmund
  3523 | D:7      | Reached skill level 8 in Long Blades
  3566 | D:7      | Reached XP level 9. HP: 34/78 MP: 9/9
  3585 | D:7      | Reached skill level 5 in Dodging
  4116 | D:8      | Acquired Cheibriados' third power
  4214 | D:8      | Found a sand-covered staircase.
  4249 | Ossuary  | Entered an ossuary
  4375 | Ossuary  | Reached skill level 9 in Long Blades
  4506 | D:8      | Acquired Cheibriados' fourth power
  4523 | D:8      | Noticed Maurice
  4538 | D:8      | Killed Maurice
  4659 | D:8      | Found an iron altar of Okawaru.
  4669 | D:8      | Found a bloodstained altar of Trog.
  4713 | D:8      | Found an iron altar of Okawaru.
  4724 | D:8      | Found a runed door.
  4733 | D:8      | Reached XP level 10. HP: 63/86 MP: 11/11
  4773 | D:8      | Found a sacrificial altar of Ru.
  4779 | D:8      | Found a burning altar of Makhleb.
  4789 | D:8      | Noticed a flayed ghost
  4795 | D:8      | Killed a flayed ghost
  4795 | D:8      | Reached skill level 10 in Long Blades
  4886 | D:10     | Entered Level 10 of the Dungeon
  4944 | D:10     | Noticed a hill giant
  4953 | D:10     | Killed a hill giant
  5279 | D:9      | Found Yppikek's Jewellery Shoppe.
  5795 | D:9      | Reached skill level 5 in Invocations
  6439 | D:10     | Reached skill level 11 in Long Blades
  6805 | D:11     | Reached XP level 11. HP: 95/95 MP: 14/14
  7044 | D:11     | Found a staircase to the Lair.
  7058 | D:11     | Noticed a cyclops
  7072 | D:11     | Killed a cyclops
  7197 | D:11     | Found a staircase to the Orcish Mines.
  7209 | Orc:1    | Entered Level 1 of the Orcish Mines
  7255 | D:11     | Noticed an unseen horror
  7266 | D:11     | Killed an unseen horror
  7709 | D:12     | Reached skill level 12 in Long Blades
  8277 | D:11     | Noticed a five-headed hydra
  8431 | D:12     | Noticed a hill giant
  8436 | D:12     | Noticed a hill giant
  8436 | D:12     | Killed a hill giant
  8445 | D:12     | Killed a hill giant
  8454 | D:12     | Identified Kaokhlu's Tome of Quantum Talismans
  8525 | D:13     | Found a bloodstained altar of Trog.
  8525 | D:13     | Noticed a wizard
  8530 | D:13     | Killed a wizard
  8607 | D:13     | Found a shimmering altar of Xom.
  8841 | D:13     | Noticed a skeletal warrior
  8842 | D:13     | Noticed a skeletal warrior
  8843 | D:13     | Noticed a skeletal warrior
  8843 | D:13     | Noticed a skeletal warrior
  8858 | D:13     | Killed a skeletal warrior
  8858 | D:13     | Reached XP level 12. HP: 72/106 MP: 18/18
  8876 | D:13     | Killed a skeletal warrior
  8876 | D:13     | Reached skill level 10 in Shields
  8886 | D:13     | Killed a skeletal warrior
  8886 | D:13     | Reached skill level 10 in Fighting
  8887 | D:13     | Noticed a skeletal warrior
  8901 | D:13     | Killed a skeletal warrior
  8901 | D:13     | Reached skill level 13 in Long Blades
  8919 | D:13     | Killed a skeletal warrior
  9128 | D:13     | Noticed a hill giant
  9134 | D:13     | Killed a hill giant
  9134 | D:13     | Reached skill level 10 in Armour
  9145 | D:13     | Noticed an unseen horror
  9150 | D:13     | Killed an unseen horror
  9336 | Lair:1   | Entered Level 1 of the Lair of Beasts
  9378 | Lair:1   | Noticed a six-headed hydra
  9397 | Lair:1   | HP: 5/107 [18-headed hydra (5)]
  9397 | Lair:1   | Slain by a 18-headed hydra

Action                   |  1- 3 |  4- 6 |  7- 9 | 10-12 || total
-------------------------+-------+-------+-------+-------++-------
Melee: Long sword        |    81 |   162 |   392 |   641 ||  1276
Invok: Bend Time         |       |       |     1 |     3 ||     4
       Slouch            |       |       |       |     2 ||     2
       Temporal Distorti |       |       |       |     1 ||     1
Evoke: Wand              |       |       |       |     4 ||     4
  Use: Scroll            |       |     7 |     4 |       ||    11
       Potion            |       |       |     4 |       ||     4
  Eat: Chunk             |       |     4 |     7 |    11 ||    22
